 Dungeon Crawl Stone Soup version 0.27-a0-1188-g73eefd5def (webtiles) character file.

Game seed: 6989431267029975611

2055 Glokmah the Cudgeller (level 9, -16/69 HPs)
             Began as a Demonspawn Monk on May 22, 2021.
             Was an Elder of Okawaru.
             Demolished by an orc knight
             ... wielding a +0 halberd
              (28 damage)
             ... in a bailey.
             The game lasted 00:12:09 (7301 turns).

Glokmah the Cudgeller (Demonspawn Monk)             Turns: 7301, Time: 00:12:10

Health: -16/69     AC: 12    Str: 15    XL:     9   Next: 5%
Magic:  0/11       EV: 17    Int: 12    God:    Okawaru [****..]
Gold:   418        SH:  7    Dex: 23    Spells: 5/8 levels left

rFire    . . .     SeeInvis .   A - +5 war axe (freeze)
rCold    + . .     Faith    .   h - +0 buckler
rNeg     . . .     Spirit   +   s - +2 leather armour {rPois}
rPois    +         Reflect  .   (helmet unavailable)
rElec    .         Harm     .   m - +0 cloak
rCorr    .         Rampage  .   q - +1 pair of gloves
Will     .....                  t - +2 pair of boots
Stlth    +++++.....             (no amulet)
HPRegen  0.21/turn              e - +6 ring of dexterity
MPRegen  0.24/turn              p - ring of protection from cold

@: heroic
A: horns 3, thin skeletal structure 1, magic shield, magic regeneration, low mp
1, sense surroundings 1
a: Renounce Religion, Heroism


You were in a bailey.
You worshipped Okawaru.
Okawaru was greatly pleased with you.
You visited 1 branch of the dungeon, and saw 7 of its levels.
You also visited: Bailey.

You collected 418 gold pieces.

Inventory:

Hand Weapons
 a - the +5 whip of Gozag's Outrage {drain, rPois rN+ Will- Str+2}
   (You took it off an orc on level 4 of the Dungeon)

   A truly terrible weapon, it drains the life of those it strikes.
   It affects your strength (+2).
   It protects you from poison.
   It protects you from negative energy.
   It decreases your willpower.
 b - a +3 vorpal flail
 A - a +5 war axe of freezing (weapon)
Missiles
 l - 4 javelins (quivered)
 v - 7 boomerangs
 y - 18 poisoned darts
Armour
 h - a +0 buckler (worn)
 m - a +0 cloak (worn)
 o - a +0 kite shield
 q - a +1 pair of gloves (worn)
 s - a +2 leather armour of poison resistance (worn)
 t - a +2 pair of boots (worn)
 u - a +1 hat
Jewellery
 e - a +6 ring of dexterity (left hand)
 p - a ring of protection from cold (right hand)
 w - a ring of protection from fire
Wands
 c - a wand of iceblast (10)
 B - a wand of flame (16)
Scrolls
 k - 2 scrolls of holy word
Potions
 d - 6 potions of curing
 f - a potion of ambrosia
 g - 3 potions of heal wounds
 i - a potion of attraction
 j - a potion of haste {unknown}
 r - a potion of mutation
 x - a potion of brilliance {unknown}
 z - 2 potions of might {unknown}
 C - a potion of experience {unknown}
 D - a potion of resistance {unknown}
 E - a potion of invisibility {unknown}


   Skills:
 + Level 5.9(10.9) Fighting
 - Level 4.0(10.5) Axes
 * Level 6.0(11.6) Maces & Flails
 * Level 3.9(8.9) Throwing
 - Level 2.6(7.6) Dodging
 - Level 1.7(6.7) Stealth
 - Level 4.0(9.0) Shields
 + Level 5.1 Invocations


You had 5 spell levels left.
You knew the following spells:

 Your Spells              Type           Power      Damage    Failure   Level
a - Beastly Appendage     Tmut           0%         N/A       36%         1
b - Wereblood             Tmut           0%         N/A       52%         2

Your spell library contained the following spells:

 Spells                   Type           Power      Damage    Failure   Level
 Spider Form              Tmut/Pois      0%         N/A       75%         3
 Ice Form                 Ice/Tmut       0%         N/A       98%         4
 Hydra Form               Tmut           0%         N/A       100%        5


Dungeon Overview and Level Annotations

Branches:
Dungeon (7/15)             Temple (0/1) D:6          Bailey (1/1)

Altars:
Fedhas
Gozag
Makhleb
Nemelex Xobeh
Okawaru
Qazlal
Sif Muna
Trog
Uskayaw


Innate Abilities, Weirdness & Mutations

You have a pair of large horns on your head.
You have a somewhat thin skeletal structure. (Dex +2, Stealth+)
When hurt, damage is shared between your health and your magic reserves.
You regenerate magic rapidly.
Your magical capacity is low. (-10% MP)
You passively map a small area around you.


Message History

You headbutt the orc knight, but do no damage.
The orc knight is lightly wounded.
The orc knight hits you with a +0 halberd!!
You closely miss the orc knight.
You headbutt the orc knight, but do no damage.
The orc knight is lightly wounded.
The orc knight hits you with a +0 halberd.
You are too injured to fight recklessly!
You are too injured to fight recklessly!
You closely miss the orc knight.
You headbutt the orc knight, but do no damage.
The orc knight is lightly wounded.
The orc knight hits you but does no damage.
You slash the orc knight! You freeze the orc knight.
Your headbutt misses the orc knight.
The orc knight is moderately wounded.
The orc knight barely misses you.
You miss the orc knight.
The orc knight is moderately wounded.
The orc knight hits you with a +0 halberd.
You slash the orc knight! You freeze the orc knight.
You headbutt the orc knight, but do no damage.
The orc knight is heavily wounded.
The orc knight closely misses you.
You slash the orc knight! You freeze the orc knight!
The orc knight is severely wounded.
The orc knight hits you with a +0 halberd.
You hit the orc knight but do no damage.
The orc knight is severely wounded.
The orc knight hits you with a +0 halberd.
You hit the orc knight but do no damage.
You headbutt the orc knight!
The orc knight is almost dead.
The orc knight hits you with a +0 halberd!
* * * LOW HITPOINT WARNING * * *
You hit the orc knight. You freeze the orc knight.
You headbutt the orc knight, but do no damage.
The orc knight is almost dead.
The orc knight hits you with a +0 halberd!!
You die...

######### ####### *### ........##
##.....#########...
.))).....######.......#..§§§#....
....)....#....#))o....'..§§§+....
)))).....'....')@)....'..§§§+....
...).....#....#.).....'..§§§+....
.........######)).....#...§§#....
........## ##.....#########...
######### ####### ###


You could see an orc knight.

Vanquished Creatures
  Maggie (D:6)
  Eustachio (D:6)
  A black bear (D:6)
  An ice beast (D:4)
  5 orc warriors (Bailey)
  2 ogres (D:6)
  A centaur (D:6)
  A scorpion (D:6)
  A wyvern skeleton (D:5)
  A water moccasin skeleton (D:7)
  A howler monkey (D:4)
  4 wights (D:6)
  A bullfrog zombie (D:5)
  An orc priest (D:4)
  2 hounds
  A centaur skeleton (D:6)
  An iguana (D:4)
  A hound skeleton (D:5)
  6 adders
  A shadow imp (D:6)
  A white imp (D:6)
  An adder skeleton (D:4)
  A worm (D:2)
  2 dart slugs
  32 orcs
  2 endoplasms
  2 giant cockroaches
  6 goblins
  6 hobgoblins
  2 jackals (D:3)
  3 quokkas
  8 ball pythons
  7 bats
  2 frilled lizards
  7 kobolds
  6 rats
122 creatures vanquished.

Notes
Turn   | Place    | Note
-------+----------+-------------------------------------------
     0 | D:1      | Glokmah the Demonspawn Monk began the quest for the Orb.
     0 | D:1      | Reached XP level 1. HP: 18/18 MP: 1/1
    34 | D:1      | Found a faded altar of an unknown god.
   235 | D:1      | Gained mutation: You have a pair of small horns on your
                  | head. [demonic ancestry]
   235 | D:1      | Reached XP level 2. HP: 16/24 MP: 2/2
  1213 | D:2      | Gained mutation: You regenerate magic rapidly. [demonic
                  | ancestry]
  1213 | D:2      | Reached XP level 3. HP: 19/29 MP: 3/3
  2199 | D:3      | Found a sparkling altar of Nemelex Xobeh.
  2202 | D:3      | Found an opulent altar of Gozag.
  2515 | D:3      | Reached XP level 4. HP: 29/35 MP: 4/4
  2538 | D:2      | Reached skill level 1 in Shields
  2968 | D:3      | You fall into a shaft and drop 3 floors!
  2984 | D:5      | Entered Level 5 of the Dungeon
  3075 | D:4      | Reached skill level 1 in Maces & Flails
  3095 | D:4      | Identified the +5 whip of Gozag's Outrage {drain, rPois rN+
                  | Will- Str+2}
  3200 | D:4      | Gained mutation: You have a somewhat thin skeletal
                  | structure. (Dex +2, Stealth+) [demonic ancestry]
  3200 | D:4      | Reached XP level 5. HP: 29/42 MP: 5/5
  3450 | D:4      | Found a stormy altar of Qazlal.
  3450 | D:4      | Found an iron altar of Okawaru.
  3451 | D:4      | Found a shimmering blue altar of Sif Muna.
  3456 | D:4      | Became a worshipper of Warmaster Okawaru
  3456 | D:4      | Reached * piety under Okawaru
  3456 | D:4      | Reached ** piety under Okawaru
  3611 | D:4      | Noticed an ice beast
  3619 | D:4      | Killed an ice beast
  3620 | D:4      | Reached skill level 2 in Maces & Flails
  3735 | D:3      | Reached XP level 6. HP: 48/48 MP: 6/6
  3971 | D:3      | Found a burning altar of Makhleb.
  3971 | D:3      | Found a bloodstained altar of Trog.
  4506 | D:4      | Reached skill level 1 in Invocations
  4875 | D:5      | Found a blossoming altar of Fedhas.
  4969 | D:5      | Noticed an orc warrior
  5069 | D:5      | Reached skill level 3 in Maces & Flails
  5724 | D:6      | Gained mutation: When hurt, damage is shared between your
                  | health and your magic reserves. [demonic ancestry]
  5724 | D:6      | Reached XP level 7. HP: 42/55 MP: 8/8
  5797 | D:6      | Learned a level 1 spell: Beastly Appendage
  5800 | D:6      | Learned a level 2 spell: Wereblood
  5899 | D:6      | Reached *** piety under Okawaru
  5909 | D:6      | Found a hide-covered altar of Uskayaw.
  5934 | D:6      | Noticed Eustachio
  5980 | D:6      | Killed Eustachio
  5981 | D:6      | Reached skill level 5 in Fighting
  5981 | D:6      | Reached skill level 4 in Maces & Flails
  6163 | D:6      | Reached skill level 1 in Throwing
  6282 | D:6      | Found a staircase to the Ecumenical Temple.
  6369 | D:6      | Noticed Maggie
  6385 | D:6      | Killed Maggie
  6386 | D:6      | Gained mutation: You have a pair of horns on your head.
                  | [demonic ancestry]
  6386 | D:6      | Reached XP level 8. HP: 62/62 MP: 8/10
  6443 | D:6      | Reached skill level 5 in Maces & Flails
  6848 | D:7      | Found a flagged portal.
  6866 | Bailey   | Entered a bailey
  7087 | Bailey   | Gained mutation: Your magical capacity is low. (-10% MP)
                  | [potion of mutation]
  7087 | Bailey   | Gained mutation: You passively map a small area around you.
                  | [potion of mutation]
  7094 | Bailey   | Reached **** piety under Okawaru
  7095 | Bailey   | Reached skill level 5 in Invocations
  7103 | Bailey   | Gained mutation: You have a pair of large horns on your
                  | head. [demonic ancestry]
  7103 | Bailey   | Reached XP level 9. HP: 40/69 MP: 7/11
  7265 | Bailey   | Noticed an orc knight
  7266 | Bailey   | Noticed an orc knight
  7290 | Bailey   | Reached skill level 6 in Maces & Flails
  7301 | Bailey   | Demolished by an orc knight

Illustrated notes

Levels and vault maps discovered:
D:1:      mrwooster_arrival_statue_3, layout_loops_ring,
          shapermc_ecumenical_altar_mp_ritualfount
D:2:      layout_basic, minmay_tiny_reverse_x
D:3:      layout_basic, grunt_temple_overflow_opulence,
          gammafunk_temple_overflow_pools, minivault_14
D:4:      layout_loops_corners, chequers_temple_overflow_statue_of_worship,
          hangedman_glass_teeth
D:5:      layout_loops_ring, amcnicky_altar_gilded,
          chequers_serial_rivers_large_b, lightli_corner_chamber
D:6:      layout_basic, marbit_many_paths, minmay_temple_entry_overgrown,
          kennysheep_generic_room_7, uniq_eustachio, uniq_maggie
D:7:      layout_cave_pools, enter_bailey_3, serial_rivers,
          chequers_serial_rivers_small_b, chequers_serial_rivers_micro_b,
          chequers_serial_rivers_micro_b, chequers_serial_rivers_small_3
Bailey:   bailey_polearm_5, bailey

Skill      XL: |  1  2  3  4  5  6  7  8  9 |
---------------+----------------------------+-----
Axes           | 3 4 |  4.0
Shields        | 1 2 4 |  4.0
Maces & Flails | 1 2 3 4 5 6 |  6.0
Fighting       | 4 5 |  5.9
Invocations    | 2 3 5 |  5.1
Throwing       | 2 3 |  3.9
Dodging        | |  2.6
Stealth        | |  1.7

Action                   |  1- 3 |  4- 6 |  7- 9 || total
-------------------------+-------+-------+-------++-------
Melee: Hand axe          |   123 |    29 |       ||   152
       Headbutt          |    17 |    18 |    56 ||    91
       Flail             |       |    16 |       ||    16
       Whip              |       |    64 |   142 ||   206
       Punch             |       |       |     1 ||     1
       War axe           |       |       |    27 ||    27
Invok: Heroism           |       |       |     6 ||     6
  Use: Potion            |     1 |     1 |     2 ||     4
       Scroll            |       |     9 |     4 ||    13
 Stab: Sleeping          |     6 |     5 |     1 ||    12
       Distracted        |       |     1 |       ||     1
Armor: Robe              |     8 |       |       ||     8
       Leather armour    |    18 |    34 |    75 ||   127
Dodge: Dodged            |    92 |    66 |   270 ||   428
Block: Buckler           |       |       |    40 ||    40

Table legend: (Time is in decaauts)
 A = Elapsed time spent in this place.
 B = Non-inter-level travel time spent in this place.
 C = Inter-level travel time spent in this place.
 D = Time resting spent in this place.
 E = Time spent auto-exploring this place.
 F = Levels seen in this place.
 G = Mean time per level.
                   A        B        C        D        E       F      G
               +--------+--------+--------+--------+--------+-----+--------+
         Total |   7316 |   6768 |    548 |    706 |   4701 |   8 |  914.5 |
       Dungeon |   6892 |   6344 |    548 |    526 |   4610 |   7 |  984.6 |
        Bailey |    423 |    423 |      0 |    180 |     91 |   1 |  423.0 |
               +--------+--------+--------+--------+--------+-----+--------+

Top non-repeatable levels by time:
     D:2: 1718 daAuts
     D:4: 1219 daAuts
     D:6: 1093 daAuts
     D:1: 1023 daAuts
     D:5: 906 daAuts
     D:3: 877 daAuts
  Bailey: 423 daAuts
     D:7: 53 daAuts
